AoeStats
← 269915077

Arabian Desert

510298596Analyzed
1v1 RM · 15h ago on Sep 30, 2026· 51m 40s· 2 players
Game mode
Random Map
Map size
Tiny (2 player)
Population
200
Speed
Normal
Resources
Standard
Victory
Conquest
Starting age
Dark Age
Ending age
Imperial Age
RankedLock teamsTeams togetherTeam positionsShared explorationLock speedFull tech treeHidden civsTurbo modeCheats
Victory
Defeat
🇨🇳 Burgundians · China
937
+17
🇹🇼 Saxons · Taiwan
955
-49
269915077
10:58 Feudal Age
9:19 Double-Bit Axe
10:15 Loom
11:29 Horse Collar
17:09 Heavy Plow
20:47 Castle Age
20:18 Wheelbarrow
20:09 Bow Saw
21:26 Scale Barding Armor
23:29 Husbandry
24:21 Fletching
26:08 Two-Man Saw
27:46 Hand Cart
28:17 Crop Rotation
29:57 Stone Mining
29:58 Gold Mining
31:09 Chain Barding Armor
30:50 Treadmill Crane
31:57 Gold Shaft Mining
34:03 Imperial Age
32:16 Cavalier
33:48 Forging
33:50 Masonry
33:53 Town Watch
34:36 Burgundian Vineyards
35:24 Stone Shaft Mining
36:09 Hoardings
36:00 Conscription
36:33 Architecture
37:19 Town Patrol
38:26 Chemistry
39:23 Iron Casting
38:53 Paladin
39:53 Murder Holes
40:12 Fortified Wall
39:49 Arrowslits
41:53 Plate Barding Armor
42:20 Blast Furnace
43:14 Squires
42:35 Pikeman
43:00 Arson
43:21 Scale Mail Armor
43:23 Padded Archer Armor
43:18 Bodkin Arrow
43:25 Crossbowman
43:25 Elite Skirmisher
43:39 Onager
43:39 Capped Ram
45:25 Chain Mail Armor
45:33 Ballistics
45:36 Bombard Tower
45:34 Capped Ram
45:55 Halberdier
46:52 Man-at-Arms
47:00 Elite Coustillier
47:41 Long Swordsman
48:56 Plate Mail Armor
48:42 Leather Archer Armor
48:27 Bracer
48:19 Two-Handed Swordsman
49:03 Guard Tower
49:07 Champion
50:52 Sappers
VCT_horse
0:37 Loom
11:36 Feudal Age
16:28 Horse Collar
16:49 Double-Bit Axe
22:54 Castle Age
24:34 Arson
25:00 Stone Mining
26:50 Heavy Plow
26:48 Pikeman
27:44 Treadmill Crane
28:46 Thumb Ring
30:37 Scale Mail Armor
31:26 Crossbowman
33:49 Chain Mail Armor
33:44 Forging
34:21 Town Watch
35:44 Wheelbarrow
38:27 Gold Mining
39:17 Padded Archer Armor
39:09 Fletching
43:51 Imperial Age
43:13 Bodkin Arrow
44:21 Bow Saw
45:17 Ballistics
51:08 Halberdier
Connection lost

Rejoining the realm…

Still unreachable

The connection could not be restored.

Session expired

The server has moved on; the page needs a fresh start.